 Dungeon Crawl Stone Soup version 0.29.0-15-g675c0067aa (webtiles) character file.

Game seed: 5279997409326944934

5187 qw the Cleaver (level 10, -2/64 HPs)
             Began as a Gargoyle Fighter on Sept 12, 2022.
             Was an Elder of Okawaru.
             Slain by a two-headed ogre
             ... wielding a +0 giant club
              (23 damage)
             ... on level 9 of the Dungeon.
             The game lasted 00:03:25 (8611 turns).

qw the Cleaver (Gargoyle Fighter)                   Turns: 8611, Time: 00:03:25

Health: -2/64      AC: 21    Str: 23    XL:     10   Next: 60%
Magic:  13/13      EV:  9    Int: 10    God:    Okawaru [****..]
Gold:   388        SH:  6    Dex:  9    Spells: 9/9 levels left

rFire   . . .      SeeInvis .   Y - +1 war axe (elec)
rCold   . . .      Faith    .   c - +0 buckler
rNeg    + . .      Spirit   .   m - +0 chain mail "Vozona" {rF- rCorr Slay+3}
rPois   inf        Reflect  .   (helmet restricted)
rElec   +          Harm     .   (no cloak)
rCorr   +          Rampage  .   (no gloves)
Will    .....                   f - +1 pair of boots
Stlth   ..........              j - amulet of regeneration
HPRegen 1.00/turn               (no ring)
MPRegen 0.13/turn               (no ring)

@: heroic
A: sickness immunity, AC +7, negative energy resistance 1, electricity
resistance, torment resistance 1, petrification resistance, horns 1, fire
resistance 1
a: Renounce Religion, Heroism, Finesse


You were on level 9 of the Dungeon.
You worshipped Okawaru.
Okawaru was greatly pleased with you.
You visited 2 branches of the dungeon, and saw 10 of its levels.
You also visited: Ossuary.

You collected 388 gold pieces.


Innate Abilities, Weirdness & Mutations

You are immune to sickness and miasma.
Your stone body is resilient. (AC +7)
You are immune to poison.
You resist negative energy. (rN+)
You are resistant to electric shocks. (rElec)
You are resistant to unholy torment.
You are immune to petrification.
You have a pair of small horns on your head.
Your flesh is heat resistant. (rF+)


   Skills:
 - Level 8.1(13.1) Fighting
 + Level 10.6(15.6) Axes
 - Level 5.3(10.3) Armour
 - Level 1.0(6.0) Dodging
 - Level 6.2(11.2) Shields
 + Level 4.7 Invocations


You had 9 spell levels left.
You didn't know any spells.
Your spell library was empty.

Inventory:

Hand Weapons
 r - a +2 hand axe of flaming
 Y - a +1 war axe of electrocution (weapon)
Armour
 c - a +0 buckler (worn)
 f - a +1 pair of boots (worn)
 m - the +0 chain mail "Vozona" (worn) {rF- rCorr Slay+3}
   (You found it on level 4 of the Dungeon)

   Slay:      It affects your accuracy & damage with ranged weapons and melee
   (+3).
   rF:        It makes you vulnerable to fire.
   rCorr:     It protects you from acid and corrosion.
 n - a +0 chain mail
 q - the +1 leather armour of Abstinence {+Blink rCorr Str+6}
   (You found it on level 7 of the Dungeon)

   Str:       It affects your strength (+6).
   +Blink:    It lets you blink.
   rCorr:     It protects you from acid and corrosion.
 t - +0 acid dragon scales
Jewellery
 j - an amulet of regeneration (around neck)
Scrolls
 a - 4 scrolls of teleportation
 b - a scroll of identify
 u - a scroll of immolation {unknown}
Potions
 d - 2 potions of might
 e - a potion of resistance
 g - 3 potions of mutation
 h - 2 potions of heal wounds
 i - a potion of attraction
 k - a potion of lignification
 l - 2 potions of curing
 o - a potion of berserk rage {unknown}
 p - a potion of cancellation
 s - a potion of haste {unknown}

Dungeon Overview and Level Annotations

Branches:
Dungeon (9/15)             Temple (1/1) D:5         Ossuary (visited)
   Lair: D:8-11         Orc: D:9-12

Altars:
Ashenzari
Cheibriados
Dithmenos
Elyvilon
Fedhas
Gozag
Hepliaklqana
Kikubaaqudgha
Makhleb
Nemelex Xobeh
Okawaru
Qazlal
Ru
Sif Muna
Trog
Uskayaw
Vehumet
Wu Jian
Xom
Yredelemnul
Zin
The Shining One

Annotations:
D:3 3 runed translucent doors, qw's ghost, amateur GrFi
D:6 2 transporters, 1 runed translucent door, Crazy Yiuf


Message History

You gain the combat prowess of a mighty hero.
You slash the orc warrior!
The orc warrior is severely wounded.
You barely miss the orc wizard. The orc wizard misses you.
The orc warrior hits you with a +0 hand axe.
You slash the orc warrior! You headbutt the orc warrior.
You kill the orc warrior!
Okawaru accepts your kill.
You slash the orc wizard! You slice the orc wizard!!
You kill the orc wizard!
Okawaru accepts your kill.
You hit the orc. You headbutt the orc.
You kill the orc!
Okawaru accepts your kill.
The orc priest hits you but does no damage.
Items here: $ ( )) [.
You slash the orc priest!
You kill the orc priest!
Okawaru accepts your kill.
A two-headed ogre comes into view. It is wielding two +0 giant clubs.
8602 ||| Stepping ~*~*~tactically~*~*~ (stealth).
8603 ||| Stepping ~*~*~tactically~*~*~ (stealth).
Magic restored.
A two-headed ogre is nearby!
The two-headed ogre shouts in stereo!
You barely miss the two-headed ogre.
Your headbutt misses the two-headed ogre.
You slice the two-headed ogre!!
The two-headed ogre is moderately wounded.
The two-headed ogre hits you with a +0 giant club!
The two-headed ogre hits you with a +0 giant club!!
You slash the two-headed ogre!
The two-headed ogre is heavily wounded.
You hit the two-headed ogre. You headbutt the two-headed ogre.
The two-headed ogre is severely wounded.
The two-headed ogre hits you with a +0 giant club!
The two-headed ogre hits you with a +0 giant club!!
You die...

...# ...# ...# ..##
#############
...######............
.)#.......##.....###
...#########.....#
.#.#########.....#
..........##....@#
.).######.####..O#####...
...# #..)))..O... ..##
#...##.###..
..#######........# #
...............#..
..#######.######... #.# #
#.$.# #.# #...#


You could see a two-headed ogre.

Vanquished Creatures
  A two-headed ogre (D:8)
  Pikel (D:6)
  Maggie (D:6)
  Grinder (D:4)
  Prince Ribbit (D:8)
  Sigmund (D:4)
  A wyvern (D:8)
  Eustachio (D:4)
  Edmund (D:5)
  Menkaure (D:4)
  An acid dragon (D:9)
  2 water moccasins
  2 ice beasts
  An orc warrior (D:9)
  2 ogres
  2 centaurs
  4 lemures (D:6)
  3 bullfrogs
  A necrophage (D:6)
  3 scorpions
  4 killer bees (D:8)
  5 howler monkeys
  2 hounds
  3 jellies
  5 orc priests
  A gnoll bouda (D:6)
  Ijyb (D:4)
  Natasha (twice) (D:2)
  3 iguanas
  10 orc wizards
  3 mummies (Ossuary)
  12 adders
  8 gnolls
  A shadow imp (D:6)
  2 ufetubi
  4 adder zombies (Ossuary)
  A worm (D:2)
  2 dart slugs
  30 orcs
  8 ball pythons
  9 endoplasms
  4 giant cockroaches
  7 hobgoblins
  5 jackals
  4 quokkas
  4 bats
  5 frilled lizards
  A gnoll zombie (Ossuary)
  9 goblins
  3 goblin zombies (Ossuary)
  4 hobgoblin zombies (Ossuary)
  9 kobolds
  2 quokka zombies (Ossuary)
  7 rats
  4 rat zombies (Ossuary)
215 creatures vanquished.

Notes
Turn   | Place    | Note
-------+----------+-------------------------------------------
     0 | D:1      | qw the Gargoyle Fighter began the quest for the Orb.
     0 | D:1      | Reached XP level 1. HP: 14/14 MP: 1/1
     0 | D:1      | 0 ||| qw: Version: 0.1-a-119-g272c26d
     0 | D:1      | 0 ||| qw: Game counter: 10844
     0 | D:1      | 0 ||| qw: Always use a shield: true
     0 | D:1      | 0 ||| qw: God list: Okawaru
     0 | D:1      | 0 ||| qw: Allow faded altars: false
     0 | D:1      | 0 ||| qw: Do Orc after D:15 true
     0 | D:1      | 0 ||| qw: Do second Lair branch before Depths: true
     0 | D:1      | 0 ||| qw: Lair rune preference: random
     0 | D:1      | 0 ||| qw: Plans: Normal, Zot, God:TSO, Crypt, Tomb, Pan,
                  | Slime, Hells, Zig, Abyss, Orb
     0 | D:1      | 0 ||| PLANNING D:1-11
    65 | D:1      | Reached skill level 2 in Axes
   220 | D:1      | Reached XP level 2. HP: 19/19 MP: 2/2
   392 | D:1      | 392 ||| Stepping ~*~*~tactically~*~*~ (hiding).
   526 | D:1      | 526 ||| Stepping ~*~*~tactically~*~*~ (stealth).
   535 | D:1      | Reached skill level 3 in Axes
   540 | D:1      | 540 ||| Stepping ~*~*~tactically~*~*~ (stealth).
   543 | D:1      | Reached XP level 3. HP: 22/23 MP: 3/3
   632 | D:1      | 632 ||| UPGRADING to +0 pair of boots.
   637 | D:1      | 637 ||| READING scroll labelled LEDASHUNUO.
   638 | D:1      | 638 ||| READING scroll labelled WAMI GOITT.
   639 | D:1      | 639 ||| READING 3 scrolls labelled QEMEIB YPUOPEDD.
   640 | D:1      | 640 ||| DRINKING 2 dark potions.
   641 | D:1      | 641 ||| DROPPING 2 scrolls of magic mapping.
   642 | D:1      | 642 ||| DROPPING potion of magic.
   738 | D:2      | 738 ||| Stepping ~*~*~tactically~*~*~ (stealth).
   885 | D:2      | Reached XP level 4. HP: 28/28 MP: 4/4
   904 | D:2      | Noticed Natasha
   905 | D:2      | 905 ||| Stepping ~*~*~tactically~*~*~ (hiding).
   918 | D:2      | Killed Natasha
   919 | D:2      | Reached skill level 4 in Axes
  1353 | D:2      | Found a faded altar of an unknown god.
  1397 | D:2      | 1397 ||| Stepping ~*~*~tactically~*~*~ (stealth).
  1658 | D:2      | 1658 ||| Stepping ~*~*~tactically~*~*~ (hiding).
  1770 | D:2      | 1770 ||| READING scroll labelled KEMOON HELEYFF.
  1771 | D:2      | 1771 ||| READING scroll labelled EWNUBUULEWN.
  1776 | D:2      | 1776 ||| READING scroll labelled YDOEBE KYCOYV.
  1777 | D:2      | 1777 ||| DRINKING 2 sedimented grey potions.
  1777 | D:2      | Gained mutation: You have a pair of small horns on your
                  | head. [potion of mutation]
  1777 | D:2      | Gained mutation: Your flesh is heat resistant. (rF+)
                  | [potion of mutation]
  1825 | D:2      | Noticed Natasha
  1841 | D:2      | Killed Natasha
  1842 | D:2      | Reached XP level 5. HP: 11/32 MP: 5/5
  2120 | D:2      | 2120 ||| READING scroll labelled FASHEAPHIE.
  2136 | D:3      | 2136 ||| STAIRDANCE
  2230 | D:3      | Reached skill level 5 in Axes
  2255 | D:3      | Found a shimmering blue altar of Sif Muna.
  2277 | D:3      | 2277 ||| Stepping ~*~*~tactically~*~*~ (stealth).
  2280 | D:3      | 2280 ||| Stepping ~*~*~tactically~*~*~ (stealth).
  2381 | D:3      | Found a runed translucent gate.
  2381 | D:3      | Found an opulent altar of Gozag.
  2382 | D:3      | Found a runed translucent gate.
  2383 | D:3      | Found a runed translucent gate.
  2383 | D:3      | Noticed qw's ghost (amateur GrFi)
  2571 | D:3      | You fall into a shaft and drop 2 floors!
  2571 | D:5      | Entered Level 5 of the Dungeon
  2582 | D:5      | Reached XP level 6. HP: 38/38 MP: 6/6
  2622 | D:5      | 2622 ||| Stepping ~*~*~tactically~*~*~ (hiding).
  2629 | D:5      | Reached skill level 1 in Dodging
  2722 | D:5      | 2722 ||| DROPPING +2 whip of venom.
  3021 | D:3      | 3021 ||| Stepping ~*~*~tactically~*~*~ (hiding).
  3028 | D:3      | Reached skill level 6 in Axes
  3236 | D:3      | 3236 ||| Stepping ~*~*~tactically~*~*~ (stealth).
  3239 | D:3      | 3239 ||| Stepping ~*~*~tactically~*~*~ (stealth).
  3294 | D:4      | 3294 ||| STAIRDANCE
  3400 | D:4      | Noticed Ijyb
  3401 | D:4      | 3401 ||| Stepping ~*~*~tactically~*~*~ (hiding).
  3402 | D:4      | 3402 ||| Stepping ~*~*~tactically~*~*~ (hiding).
  3403 | D:4      | 3403 ||| Stepping ~*~*~tactically~*~*~ (hiding).
  3404 | D:4      | 3404 ||| Stepping ~*~*~tactically~*~*~ (hiding).
  3406 | D:4      | 3406 ||| Stepping ~*~*~tactically~*~*~ (hiding).
  3418 | D:4      | Killed Ijyb
  3419 | D:4      | Reached XP level 7. HP: 37/43 MP: 7/7
  3487 | D:4      | Noticed Grinder
  3488 | D:4      | 3488 ||| Stepping ~*~*~tactically~*~*~ (hiding).
  3501 | D:4      | Killed Grinder
  3502 | D:4      | Reached skill level 7 in Axes
  3716 | D:4      | Identified the +0 chain mail "Vozona" {rF- rCorr Slay+3}
  3793 | D:4      | 3793 ||| Stepping ~*~*~tactically~*~*~ (hiding).
  3875 | D:4      | 3875 ||| Stepping ~*~*~tactically~*~*~ (stealth).
  3879 | D:4      | 3879 ||| Stepping ~*~*~tactically~*~*~ (stealth).
  3922 | D:4      | 3922 ||| Stepping ~*~*~tactically~*~*~ (stealth).
  3929 | D:4      | 3929 ||| Stepping ~*~*~tactically~*~*~ (hiding).
  3930 | D:4      | 3930 ||| Stepping ~*~*~tactically~*~*~ (hiding).
  3947 | D:4      | 3947 ||| Stepping ~*~*~tactically~*~*~ (stealth).
  3973 | D:4      | Noticed Menkaure
  3977 | D:4      | Killed Menkaure
  3978 | D:4      | Reached XP level 8. HP: 34/51 MP: 8/8
  4103 | D:4      | Noticed Sigmund
  4116 | D:4      | Killed Sigmund
  4455 | D:4      | Noticed Eustachio
  4495 | D:4      | Killed Eustachio
  4496 | D:4      | Reached skill level 8 in Axes
  4674 | D:4      | 4674 ||| UPGRADING to +0 chain mail "Vozona" {rF- rCorr
                  | Slay+3}.
  4684 | D:4      | 4684 ||| DROPPING +0 scale mail.
  4685 | D:4      | 4685 ||| READING scroll labelled DAOMIA OWECI.
  4686 | D:4      | 4686 ||| READING scroll labelled POUTAKLUISO.
  4723 | D:5      | Found a staircase to the Ecumenical Temple.
  4724 | D:5      | 4724 ||| PLANNING TEMPLE
  4730 | Temple   | Entered the Ecumenical Temple
  4998 | Temple   | 4998 ||| PLANNING D:1-11
  5038 | Temple   | Became a worshipper of Warmaster Okawaru
  5064 | D:5      | 5064 ||| Stepping ~*~*~tactically~*~*~ (hiding).
  5072 | D:5      | 5072 ||| STAIRDANCE
  5081 | D:4      | Reached skill level 6 in Fighting
  5088 | D:5      | 5088 ||| STAIRDANCE
  5226 | D:5      | 5226 ||| Stepping ~*~*~tactically~*~*~ (hiding).
  5229 | D:5      | 5229 ||| Stepping ~*~*~tactically~*~*~ (hiding).
  5416 | D:5      | Noticed Edmund
  5427 | D:5      | Killed Edmund
  5740 | D:5      | Reached * piety under Okawaru
  5807 | D:5      | Reached skill level 1 in Invocations
  5848 | D:5      | 5848 ||| DRINKING 2 ruby potions.
  5849 | D:5      | 5849 ||| DRINKING 2 coppery potions.
  5850 | D:5      | 5850 ||| READING 2 scrolls of identify.
  5850 | D:5      | 5850 ||| IDENTIFYING inky potion
  5851 | D:5      | 5851 ||| DROPPING potion of degeneration.
  5882 | D:6      | Found a transporter.
  5903 | D:6      | Noticed Pikel
  5904 | D:6      | 5904 ||| Stepping ~*~*~tactically~*~*~ (stealth).
  5906 | D:6      | 5906 ||| Stepping ~*~*~tactically~*~*~ (stealth).
  5909 | D:6      | 5909 ||| Stepping ~*~*~tactically~*~*~ (stealth).
  5935 | D:6      | 5935 ||| Stepping ~*~*~tactically~*~*~ (stealth).
  5938 | D:6      | 5938 ||| INVOKING Heroism.
  5952 | D:6      | 5952 ||| Stepping ~*~*~tactically~*~*~ (stealth).
  5953 | D:6      | 5953 ||| INVOKING Heroism.
  5957 | D:6      | 5957 ||| Stepping ~*~*~tactically~*~*~ (stealth).
  5960 | D:6      | Killed Pikel
  5961 | D:6      | Reached skill level 9 in Axes
  5961 | D:6      | Reached skill level 3 in Invocations
  5961 | D:6      | Reached XP level 9. HP: 37/55 MP: 6/11
  5985 | D:6      | 5985 ||| Stepping ~*~*~tactically~*~*~ (stealth).
  6110 | D:6      | 6110 ||| INVOKING Heroism.
  6156 | D:6      | Noticed Maggie
  6167 | D:6      | 6167 ||| INVOKING Heroism.
  6172 | D:6      | Killed Maggie
  6372 | D:6      | 6372 ||| STAIRDANCE
  6409 | D:5      | 6409 ||| UPGRADING to amulet of regeneration.
  6414 | D:5      | 6414 ||| READING scroll labelled XOJUWKU ETIDE.
  6415 | D:5      | 6415 ||| READING 2 scrolls of identify.
  6415 | D:5      | 6415 ||| IDENTIFYING glowing puce potion
  6427 | D:6      | 6427 ||| Stepping ~*~*~tactically~*~*~ (hiding).
  6429 | D:6      | 6429 ||| Stepping ~*~*~tactically~*~*~ (hiding).
  6431 | D:6      | 6431 ||| INVOKING Heroism.
  6455 | D:6      | Reached ** piety under Okawaru
  6458 | D:6      | 6458 ||| DROPPING +0 flail.
  6490 | D:6      | Found a transporter.
  6757 | D:6      | Found a runed translucent door.
  6758 | D:6      | Noticed Crazy Yiuf
  6864 | D:6      | 6864 ||| READING scroll labelled RAIPNO WETUS.
  6906 | D:7      | 6906 ||| PLANNING OSSUARY
  6934 | D:7      | 6934 ||| Stepping ~*~*~tactically~*~*~ (stealth).
  6935 | D:7      | 6935 ||| Stepping ~*~*~tactically~*~*~ (stealth).
  6936 | D:7      | 6936 ||| Stepping ~*~*~tactically~*~*~ (stealth).
  6938 | D:7      | 6938 ||| INVOKING Heroism.
  6990 | D:7      | 6990 ||| INVOKING Heroism.
  7025 | D:7      | Found a sand-covered staircase.
  7034 | Ossuary  | Entered an ossuary
  7041 | Ossuary  | Reached skill level 10 in Axes
  7137 | Ossuary  | 7137 ||| INVOKING Heroism.
  7210 | Ossuary  | 7210 ||| READING scroll of brand weapon.
  7210 | Ossuary  | 7210 ||| BRANDING +1 war axe of protection.
  7211 | Ossuary  | 7211 ||| READING scroll labelled GESTIO DITA.
  7312 | Ossuary  | 7312 ||| DRINKING 2 sapphire potions.
  7313 | Ossuary  | 7313 ||| READING 2 scrolls of identify.
  7313 | Ossuary  | 7313 ||| IDENTIFYING fuming blue potion
  7317 | D:7      | 7317 ||| PLANNING D:1-11
  7321 | D:7      | Identified the +1 leather armour of Abstinence {+Blink
                  | rCorr Str+6}
  7706 | D:8      | Reached XP level 10. HP: 58/63 MP: 13/13
  7728 | D:8      | Noticed Prince Ribbit
  7730 | D:8      | 7730 ||| Stepping ~*~*~tactically~*~*~ (stealth).
  7735 | D:8      | 7735 ||| INVOKING Heroism.
  7748 | D:8      | Killed Prince Ribbit
  7749 | D:8      | Noticed a two-headed ogre
  7757 | D:8      | Killed a two-headed ogre
  7757 | D:8      | Reached *** piety under Okawaru
  7758 | D:8      | Reached skill level 6 in Shields
  7804 | D:8      | 7804 ||| DRINKING 3 potions of curing.
  7804 | D:8      | 7804 ||| (to cure confusion)
  7815 | D:8      | 7815 ||| DROPPING +1 flail of protection.
  7987 | D:8      | 7987 ||| Stepping ~*~*~tactically~*~*~ (stealth).
  7990 | D:8      | 7990 ||| INVOKING Heroism.
  8399 | D:8      | 8399 ||| DRINKING 2 puce potions.
  8457 | D:9      | 8457 ||| READING scroll of enchant armour.
  8457 | D:9      | 8457 ||| ENCHANTING +0 pair of boots.
  8511 | D:9      | 8511 ||| Stepping ~*~*~tactically~*~*~ (hiding).
  8539 | D:9      | Reached **** piety under Okawaru
  8584 | D:9      | 8584 ||| Stepping ~*~*~tactically~*~*~ (stealth).
  8585 | D:9      | 8585 ||| Stepping ~*~*~tactically~*~*~ (stealth).
  8587 | D:9      | 8587 ||| Stepping ~*~*~tactically~*~*~ (hiding).
  8591 | D:9      | 8591 ||| INVOKING Heroism.
  8601 | D:9      | Noticed a two-headed ogre
  8602 | D:9      | 8602 ||| Stepping ~*~*~tactically~*~*~ (stealth).
  8603 | D:9      | 8603 ||| Stepping ~*~*~tactically~*~*~ (stealth).
  8611 | D:9      | Slain by a two-headed ogre

Levels and vault maps discovered:
D:1:      minmay_arrival_semitransparent, layout_rooms
D:2:      kennysheep_six_static_rooms, layout_basic,
          shapermc_ecumenical_altar_pompeii, minivault_19, uniq_natasha
D:3:      layout_loops_ring, nicolae_sif_muna_little_library,
          ebering_ghost_gozag, solitary_fountain
D:4:      layout_gridville, grunt_ministairs_10, uniq_menkaure, uniq_sigmund,
          uniq_grinder, uniq_ijyb, uniq_eustachio
D:5:      wad_pebble_path, layout_rooms, temple_statues, corexii_shack,
          kennysheep_crisscross, uniq_edmund
D:6:      gammafunk_steamed_eel, layout_basic, chequers_serial_rivers_room_b,
          uniq_crazy_yiuf_cottage, uniq_maggie, uniq_pikel
D:7:      layout_cave_pools, nicolae_ossuary_entry_ruins
D:8:      layout_basic, uniq_prince_ribbit1
D:9:      layout_loops_ring
Temple:   roderic_octagonal_lattice_temple

Skill      XL: |  1  2  3  4  5  6  7  8  9 10 |
---------------+-------------------------------+-----
Axes           | 2 3 4 5 6 7 9 10 | 10.6
Fighting       | 4 5 6 7 8 |  8.1
Dodging        | 1 |  1.0
Armour         | 4 5 |  5.3
Invocations    | 3 4 |  4.7
Shields        | 4 6 |  6.2

Action                   |  1- 3 |  4- 6 |  7- 9 | 10-12 || total
-------------------------+-------+-------+-------+-------++-------
Melee: War axe           |    84 |   171 |   307 |    70 ||   632
       Headbutt          |       |    15 |    58 |    15 ||    88
Invok: Heroism           |       |       |     8 |     3 ||    11
  Use: Scroll            |     3 |     4 |     9 |     1 ||    17
       Potion            |     1 |     1 |     3 |     2 ||     7
Armor: Scale mail        |    28 |    87 |    57 |       ||   172
       Chain mail        |       |       |   107 |    37 ||   144
Dodge: Dodged            |    42 |    71 |    86 |    29 ||   228
Block: Buckler           |    17 |    37 |    49 |    15 ||   118

Table legend:
 A = Non-vault XP
 B = Vault XP
 C = Vault XP percentage of total XP
 D = Non-vault monster count
 E = Vault monster count
 F = Vault count percentage of total count
                 A         B        C        D         E       F
            +---------+---------+-------+---------+---------+-------
      Total |    4896 |    2515 |  33.9 |     171 |      40 |  19.0
            +---------+---------+-------+---------+---------+-------
        D:1 |      36 |       0 |   0.0 |      24 |       0 |   0.0
        D:2 |     105 |      47 |  30.9 |      24 |       7 |  22.6
        D:3 |     161 |       2 |   1.2 |      27 |       1 |   3.6
        D:4 |     513 |     896 |  63.6 |      23 |       6 |  20.7
        D:5 |     477 |     171 |  26.4 |      18 |       2 |  10.0
        D:6 |     367 |    1049 |  74.1 |      14 |       2 |  12.5
        D:7 |     711 |       0 |   0.0 |      11 |       0 |   0.0
        D:8 |    1856 |     259 |  12.2 |      18 |       1 |   5.3
        D:9 |     670 |       0 |   0.0 |      12 |       0 |   0.0
    Ossuary |       0 |      91 | 100.0 |       0 |      21 | 100.0
            +---------+---------+-------+---------+---------+-------
